 Dungeon Crawl Stone Soup version 0.21.1-1-g345015fe64 (webtiles) character file.

21653 Lavandula the Severer (level 12, -1/94 HPs)
             Began as a Centaur Berserker on June 6, 2018.
             Was an Elder of Trog.
             Slain by a sun demon (9 damage)
             ... summoned by an orc sorcerer
             ... while paralysed by an orc sorcerer
             ... on level 2 of the Orcish Mines.
             The game lasted 01:06:16 (6843 turns).

Lavandula the Severer (Centaur Berserker)           Turns: 6843, Time: 01:06:16

Health: -1/94      AC: 11    Str: 28    XL:     12   Next: 56%
Magic:  17/17      EV:  1    Int:  6    God:    Trog [****..]
Gold:   1382       SH:  0    Dex: 18    Spells: 11/11 levels left

rFire    + . .     SeeInvis .   A - +6 morningstar of Qeddu {vamp, -Tele rPois Str-2 Dex+9}
rCold    . . .     Gourm    .   (no shield)
rNeg     . . .     Faith    .   J - +2 chain mail {rF+}
rPois    +         Spirit   .   (no helmet)
rElec    .         Reflect  +   F - +0 cloak
rCorr    .         Harm     .   (no gloves)
MR       .....     NoTele   +   (no barding)
Stlth    ..........             m - +3 amulet of reflection
HPRegen  0.25/turn              v - ring of flight
MPRegen  0.15/turn              D - +5 ring of strength

@: paralysed, berserk cooldown, slowed, very quick
A: large, hooves 3, deformed body, speed 2, tough skin 3
a: Berserk, Trog's Hand, Brothers in Arms, Burn Spellbooks, Renounce Religion,
Evoke Flight


You were on level 2 of the Orcish Mines.
You worshipped Trog.
Trog was greatly pleased with you.
You were very hungry.

You visited 3 branches of the dungeon, and saw 12 of its levels.
You also visited: Bailey.

You collected 1382 gold pieces.

Inventory:

Hand Weapons
 o - the +11 hand axe "Turawumo" {freeze, +Blink rF+ rN+, unknown}
   (You found it in a bailey)

   It has been specially enchanted to freeze those struck by it, causing extra
   injury to most foes and up to half again as much damage against particularly
   susceptible opponents.
   It can also slow down cold-blooded creatures.
   It protects you from fire.
   It protects you from negative energy.
   It lets you blink.
 q - a +0 shortbow
 w - a +0 war axe
 A - the +6 morningstar of Qeddu (weapon) {vamp, -Tele rPois Str-2 Dex+9}
   (You took it off a big kobold on level 7 of the Dungeon)

   It inflicts no extra harm, but heals its wielder when it wounds a living foe.
   It affects your strength (-2).
   It affects your dexterity (+9).
   It protects you from poison.
   It prevents most forms of teleportation.
 G - a cursed +0 blowgun
 I - a +0 battleaxe
 M - a +0 battleaxe
Missiles
 d - 212 arrows
 t - 3 throwing nets
 x - 8 curare-tipped needles
 K - 4 steel javelins
 L - 6 javelins of penetration (quivered)
Armour
 a - a +1 robe of cold resistance
 k - a +0 robe of magic resistance
 l - a +0 ring mail
 p - a +0 scale mail
 F - a +0 cloak (worn)
 H - a +2 robe of magic resistance
 J - a +2 chain mail of fire resistance (worn)
Jewellery
 m - a +3 amulet of reflection (around neck)
 r - an uncursed ring of protection from cold
 v - a ring of flight (left hand)
 D - a +5 ring of strength (right hand)
Wands
 h - a wand of flame (18)
 s - a wand of polymorph (14)
Scrolls
 e - 2 scrolls of enchant weapon
 f - 5 scrolls of teleportation
 g - a scroll of blinking
 n - 6 scrolls of remove curse
 B - a scroll of noise {unknown}
 C - 2 scrolls of fog {unknown}
 E - a scroll of holy word {unknown}
Potions
 i - a potion of curing
 j - 3 potions of flight
 u - a potion of haste
 z - 2 potions of brilliance
Miscellaneous
 y - a phial of floods
Comestibles
 c - 9 rations


   Skills:
 - Level 5.2 Fighting
 + Level 15.0 Axes
 - Level 7.3 Bows
 - Level 5.0 Throwing
 - Level 4.6 Armour
 - Level 2.0 Dodging
 - Level 6.7 Evocations


You had 11 spell levels left.
You didn't know any spells.

Dungeon Overview and Level Annotations

Branches:
Dungeon (9/15)             Temple (0/1) D:7            Lair (1/6) D:8
    Orc (2/2) D:9             Elf (0/3) Orc:2

Altars:
Fedhas
Kikubaaqudgha
Trog
Beogh

Shops:
D:9 (   Orc:1 *

Annotations:
D:6 Blork the orc


Innate Abilities, Weirdness & Mutations

You have hooves in place of feet.
Armour fits poorly on your strangely shaped body.
You cover ground very quickly.
You have extremely tough skin. (AC +3)


Message History

The orc wizard hits you but does no damage.
The orc sorcerer hits you but does no damage.
The sun demon hits you!
You are engulfed in flames.
You resist. The orc wizard casts a spell at you. The magic dart hits you!
The sun demon hits you.
You are engulfed in flames!
You resist.
The orc sorcerer mumbles some strange words.
You are no longer berserk.
You feel yourself slow down.
The orc wizard hits you but does no damage.
The sun demon hits you!!
* * * LOW HITPOINT WARNING * * *
You are engulfed in flames.
You resist.
* * * LOW HITPOINT WARNING * * *
The orc wizard hits you but does no damage.
The orc sorcerer hits you with a dagger.
* * * LOW HITPOINT WARNING * * *
The orc wizard casts a spell at you. The magic dart hits you!
The sun demon hits you!
You die...

....................[.)>)........
....................#####..))....
...................##...####....#
..................##......##.....
.._..)...........##...)....####.#
.....))..........#.)..##.....####
....)...........##...####o...#
..............).#33..##.......#
...............)@o3.##.÷÷÷....÷#
.................o..##...oo....#
....................###÷..§....#
....................#.#..o.....#
....................#.#.÷..o...#
......................##......##
.......................#
.......................#
.......................###


You could see a soul eater, a sun demon, a ynoxinul, an orc sorcerer and an orc
wizard.

Vanquished Creatures
  An ettin (Orc:2)
  A two-headed ogre (Orc:2)
  An ogre mage (Orc:1)
  4 orc high priests
  The ghost of maerde the Fighter, a novice GrFi of Wu Jian (D:9)
  4 orc knights (Orc:2)
  3 orc sorcerers
  2 trolls
  A hippogriff (D:8)
  The ghost of LevaFresel the Bolt Thrower, an amateur KoHu (D:5)
  The ghost of Lentor the Ruffian, an amateur TrMo (D:3)
  4 hogs (D:7)
  9 yaks
  A human (D:7)
  A hungry ghost (D:8)
  3 wargs (Orc:1)
  A water moccasin (D:7)
  3 porcupines (D:8)
  3 ice beasts
  A black bear (D:8)
  10 ogres
  A necrophage (D:9)
  21 orc warriors
  3 sky beasts
  5 centaurs
  2 crocodiles (D:8)
  4 bullfrogs
  8 big kobolds
  4 gnoll sergeants (D:9)
  8 scorpions
  A wight (D:7)
  13 killer bees
  2 howler monkeys
  3 crimson imps
  A quasit (D:7)
  8 hounds
  A jelly (D:8)
  2 gnoll shamans (D:9)
  17 orc priests
  An iguana (D:7)
  14 orc wizards
  10 worker ants
  2 hound skeletons
  2 worker ant zombies
  27 gnolls
  A howler monkey skeleton (D:4)
  6 adders
  2 shadow imps
  An adder zombie (D:6)
  2 adder skeletons
  2 worms
  A dart slug (D:3)
  A leopard gecko (D:8)
  68 orcs
  5 giant cockroaches
  8 goblins
  10 hobgoblins
  11 jackals
  2 quokkas
  6 bats
  24 kobolds
  A leopard gecko zombie (D:5)
  4 rats
371 creatures vanquished.

Vanquished Creatures (collateral kills)
  The ghost of yann the Spear-Bearer, a journeyman MfSu of Ru (Orc:2)
  An orc warlord (Orc:2)
  An orc sorcerer (Orc:1)
  3 orc warriors (Orc:2)
  2 ogres (Orc:2)
  4 wights (D:8)
  2 orc wizards
  3 orcs
17 creatures vanquished.

Vanquished Creatures (others)
  A human (D:9)
  2 kobolds
  2 fungi (D:8)
  15 plants (D:8)
20 creatures vanquished.

Grand Total: 408 creatures vanquished

Notes
Turn   | Place    | Note
-------+----------+-------------------------------------------
     0 | D:1      | Lavandula the Centaur Berserker began the quest for the Orb.
     0 | D:1      | Reached XP level 1. HP: 19/19 MP: 1/1
    79 | D:2      | Reached skill level 3 in Axes
    91 | D:2      | Reached XP level 2. HP: 26/26 MP: 2/2
   255 | D:4      | Noticed an ogre
   259 | D:4      | Killed an ogre
   259 | D:4      | Reached skill level 4 in Axes
   259 | D:4      | Reached XP level 3. HP: 28/31 MP: 3/3
   259 | D:4      | Reached XP level 4. HP: 35/38 MP: 4/4
   279 | D:3      | Reached skill level 5 in Axes
   347 | D:3      | Reached ** piety under Trog
   347 | D:3      | Reached XP level 5. HP: 45/45 MP: 5/5
   525 | D:3      | Noticed Lentor's ghost (amateur TrMo)
   533 | D:3      | Killed Lentor's ghost
   533 | D:3      | Reached skill level 6 in Axes
   533 | D:3      | Reached XP level 6. HP: 45/51 MP: 6/6
   841 | D:4      | Reached skill level 7 in Axes
   853 | D:4      | Reached XP level 7. HP: 57/57 MP: 7/7
  1069 | D:5      | Entered Level 5 of the Dungeon
  1154 | D:5      | Found a bloodstained altar of Trog.
  1310 | D:5      | Noticed LevaFresel's ghost (amateur KoHu)
  1326 | D:5      | Killed LevaFresel's ghost
  1328 | D:5      | Reached XP level 8. HP: 45/63 MP: 8/8
  1825 | D:6      | Reached *** piety under Trog
  1856 | D:6      | Reached skill level 8 in Axes
  1978 | D:6      | Noticed Blork the orc
  2267 | D:7      | Reached skill level 9 in Axes
  2552 | D:7      | Reached XP level 9. HP: 42/69 MP: 9/9
  2674 | D:7      | Reached skill level 10 in Axes
  2850 | D:7      | Reached skill level 1 in Bows
  2855 | D:7      | Got a polished morningstar {vamp}
  2868 | D:7      | Identified the +6 morningstar of Qeddu {vamp, -Tele rPois Str-2 Dex+9} (You took it off a big kobold on level 7 of the Dungeon)
  3012 | D:7      | Reached skill level 5 in Bows
  3097 | D:7      | Found a staircase to the Ecumenical Temple.
  3111 | D:7      | Found a blossoming altar of Fedhas.
  3231 | D:8      | Found a staircase to the Lair.
  3244 | D:8      | Reached skill level 11 in Axes
  3246 | D:8      | Reached **** piety under Trog
  3253 | D:8      | Reached XP level 10. HP: 74/77 MP: 10/10
  3828 | D:8      | Reached skill level 12 in Axes
  4031 | Lair:1   | Entered Level 1 of the Lair of Beasts
  4073 | D:9      | Noticed maerde's ghost (novice GrFi)
  4214 | D:9      | Killed maerde's ghost
  4355 | D:9      | Reached skill level 13 in Axes
  4497 | D:9      | Reached ***** piety under Trog
  4497 | D:9      | Reached skill level 1 in Throwing
  4513 | D:9      | Found an ancient bone altar of Kikubaaqudgha.
  4556 | D:9      | Reached XP level 11. HP: 25/82 MP: 11/11
  4645 | D:9      | Reached skill level 5 in Throwing
  4696 | D:9      | Found Zucapten's Weapon Shoppe.
  4790 | D:9      | Received a gift from Trog
  4994 | D:9      | Found a staircase to the Orcish Mines.
  5000 | Orc:1    | Entered Level 1 of the Orcish Mines
  5025 | Orc:1    | Received a gift from Trog
  5041 | Orc:1    | Noticed an ogre mage
  5045 | Orc:1    | Noticed an orc sorcerer
  5046 | Orc:1    | Noticed an orc high priest
  5049 | Orc:1    | Noticed an orc sorcerer
  5050 | Orc:1    | Killed an ogre mage
  5050 | Orc:1    | Killed an orc high priest
  5050 | Orc:1    | Killed an orc sorcerer
  5050 | Orc:1    | Reached skill level 1 in Evocations
  5051 | Orc:1    | Found Mytyl's General Store.
  5086 | Orc:1    | Killed an orc sorcerer
  5091 | Orc:2    | Entered Level 2 of the Orcish Mines
  5106 | Orc:2    | Reached skill level 5 in Evocations
  5142 | Orc:1    | Noticed an orc warlord
  5230 | Orc:2    | Received a gift from Trog
  5252 | Orc:2    | Killed an orc warlord
  5298 | Orc:1    | Found a flagged portal.
  5316 | Bailey   | Entered a bailey
  5428 | Bailey   | Got a transparent hand axe
  5450 | Bailey   | Received a gift from Trog
  5749 | Orc:2    | Noticed an ettin
  5774 | Orc:2    | Killed an ettin
  5828 | Orc:2    | Noticed a two-headed ogre
  5851 | Orc:2    | Killed a two-headed ogre
  5851 | Orc:2    | Received a gift from Trog
  5851 | Orc:2    | Reached XP level 12. HP: 41/92 MP: 17/17
  5869 | Orc:2    | Found a staircase to the Elven Halls.
  5882 | Orc:2    | Noticed yann's ghost (journeyman MfSu)
  6011 | Orc:2    | Killed yann's ghost
  6098 | Orc:2    | Reached skill level 14 in Axes
  6165 | Orc:2    | Found a roughly hewn altar of Beogh.
  6299 | Orc:2    | Reached skill level 5 in Fighting
  6449 | Orc:2    | Noticed an orc high priest
  6457 | Orc:2    | Killed an orc high priest
  6575 | Orc:2    | Noticed an orc high priest
  6575 | Orc:2    | Noticed an orc high priest
  6612 | Orc:2    | Killed an orc high priest
  6621 | Orc:2    | Killed an orc high priest
  6835 | Orc:2    | Reached skill level 15 in Axes
  6837 | Orc:2    | Paralysed by an orc sorcerer for 7 turns
  6843 | Orc:2    | Slain by a sun demon

Skill      XL: |  1  2  3  4  5  6  7  8  9 10 11 12 |
---------------+-------------------------------------+-----
Axes           | 3 4 5 6 7 9 11 13 15 | 15.0
Armour         | 4 |  4.6
Bows           | 7 |  7.3
Dodging        | 2 |  2.0
Throwing       | 3 5 |  5.0
Evocations     | 6 |  6.7
Fighting       | 4 5 |  5.2

Action                   |  1- 3 |  4- 6 |  7- 9 | 10-12 || total
-------------------------+-------+-------+-------+-------++-------
Melee: Hand axe          |    37 |    89 |   183 |       ||   309
       Kick              |     8 |    25 |    69 |   177 ||   279
       War axe           |       |       |    48 |       ||    48
       Morningstar       |       |       |    44 |   500 ||   544
 Fire: Shortbow          |       |       |     9 |       ||     9
Throw: Tomahawk          |       |       |       |     2 ||     2
       Javelin           |       |       |       |    18 ||    18
Invok: Berserk           |     2 |     4 |    14 |    23 ||    43
       Trog's Hand       |       |     2 |     4 |    13 ||    19
       Brothers in Arms  |       |       |       |     8 ||     8
 Abil: Evoke Flight      |       |       |       |     1 ||     1
Evoke: Wand              |       |       |       |     2 ||     2
       Phial of floods   |       |       |       |     1 ||     1
  Use: Scroll            |       |     3 |     6 |     4 ||    13
       Potion            |       |       |     1 |     4 ||     5
  Eat: Chunk             |       |     4 |    16 |    25 ||    45
       Ration            |       |       |     3 |     6 ||     9
Armor: Animal skin       |    22 |    14 |       |       ||    36
       Ring mail         |       |     5 |    87 |   186 ||   278
       Chain mail        |       |       |       |    33 ||    33
Dodge: Dodged            |    18 |    22 |    93 |   263 ||   396
Block: Other             |       |     1 |    34 |    70 ||   105
       Reflection        |       |       |     3 |     9 ||    12
